 Dungeon Crawl Stone Soup version 0.20.1-1-g8b1a95d (webtiles) character file.

10839 zjeagb the Thaumaturge (level 11, -12/50 HPs)
             Began as a Spriggan Conjurer on Dec 4, 2017.
             Was a High Priest of Sif Muna.
             Mangled by a redback (18 damage)
             ... summoned by a deep elf mage
             ... on level 1 of the Elven Halls.
             The game lasted 02:59:19 (16446 turns).

zjeagb the Thaumaturge (Spriggan Conjurer)         Turns: 16446, Time: 02:59:19

Health: -12/50     AC:  6    Str:  7    XL:     11   Next: 41%
Magic:  18/28      EV: 26    Int: 21    God:    Sif Muna [*****.]
Gold:   595        SH:  0    Dex: 18    Spells: 25/35 levels left

rFire    + . .     SeeInvis +   J - +2 short sword (flame)
rCold    . . .     Gourm    .   (shield restricted)
rNeg     . . .     Faith    .   X - +0 steam dragon scales
rPois    .         Spirit   .   (helmet restricted)
rElec    .         Reflect  .   d - +0 cloak
rCorr    .         Harm     +   (gloves unavailable)
MR       +....                  (boots unavailable)
Stlth    ++++......             U - amulet of harm
Regen    0.2/turn               H - ring "Ukloik" {*Corrode rF+ Int+3 SInv}
MPRegen  0.3/turn               S - +2 ring of intelligence

@: very quick
A: unfitting armour, see invisible, herbivore 3, speed 3, slow metabolism 2
a: Divine Energy, Channel Magic, Forget Spell, Renounce Religion


You were on level 1 of the Elven Halls.
You worshipped Sif Muna.
Sif Muna was extremely pleased with you.
You were full.

You visited 4 branches of the dungeon, and saw 14 of its levels.
You also visited: Sewer.

You collected 921 gold pieces.
You spent 326 gold pieces at shops.

Inventory:

Hand Weapons
 x - a +2 dagger of holy wrath
 J - a +2 short sword of flaming (weapon)
 Q - a +2 short sword of venom
 T - a +4 falchion
 W - a +2 flail of holy wrath
Missiles
 D - a throwing net (quivered)
 I - 21 poisoned needles
Armour
 d - a +0 cloak (worn)
 X - +0 steam dragon scales (worn)
Magical Staves
 Z - an uncursed staff of cold
Jewellery
 q - an uncursed ring of fire
 r - a +3 ring of evasion
 B - an uncursed ring of protection from magic
 H - the ring "Ukloik" (left hand) {*Corrode rF+ Int+3 SInv}
   (You bought it in a shop on level 9 of the Dungeon)

   [ring of see invisible]

   It affects your intelligence (+3).
   It protects you from fire.
   It lets you see invisible.
   It may corrode you when you take damage.
 N - an uncursed ring of stealth
 S - a +2 ring of intelligence (right hand)
 U - an amulet of harm (around neck)
Wands
 e - a wand of flame (42/48)
 g - a wand of polymorph (0/24)
 h - a wand of polymorph (7/24)
 s - a wand of acid (6/15)
 y - a wand of disintegration (8/24)
 P - a wand of iceblast (10/15)
 R - a wand of polymorph (6/24)
 V - a wand of acid (7/15)
Scrolls
 a - a scroll of brand weapon {unknown}
 l - a scroll of teleportation
 n - 6 scrolls of remove curse
 u - a scroll of acquirement {unknown}
 v - a scroll of holy word {unknown}
 A - a scroll of summoning {unknown}
 L - a scroll of amnesia
 M - 4 scrolls of noise
 O - 2 scrolls of identify
Potions
 i - a potion of invisibility
 j - a potion of cancellation
 k - a potion of mutation {unknown}
 m - a potion of magic {unknown}
 t - 6 potions of brilliance
 z - 4 potions of flight {unknown}
 C - a potion of degeneration {unknown}
 E - 5 potions of agility
 F - a potion of might {unknown}
 G - a potion of berserk rage
 K - 6 potions of curing
 Y - 2 potions of lignification {unknown}
Books
 b - a book of Conjurations

   Spells                             Type                      Level
   a - Magic Dart                     Conjuration                  1
   b - Searing Ray                    Conjuration                  2
   c - Dazzling Spray                 Conjuration/Hexes            3
   d - Fulminant Prism                Conjuration/Hexes            4
   e - Force Lance                    Conjuration/Translocation    4
   f - Iskenderun's Mystic Blast      Conjuration                  4
Miscellaneous
 f - a phial of floods
Comestibles
 c - 3 bread rations
 o - 3 royal jellies
 p - 2 fruits


   Skills:
 - Level 1.7 Fighting
 + Level 5.9(6.1) Short Blades
 - Level 1.8(3.3) Long Blades
 - Level 0.4 Throwing
 + Level 9.7 Dodging
 + Level 7.2 Stealth
 + Level 12.7 Spellcasting
 + Level 8.5 Conjurations
 - Level 0.5 Hexes
 - Level 3.0 Evocations


You had 25 spell levels left.
You knew the following spells:

 Your Spells              Type           Power        Failure   Level  Hunger
a - Magic Dart            Conj           ####         1%          1    None
b - Searing Ray           Conj           #####.       1%          2    None
c - Dazzling Spray        Conj/Hex       ####..       2%          3    None
d - Iskenderun's Mystic   Conj           #####...     1%          4    None


Dungeon Overview and Level Annotations

Branches:
Dungeon (10/15)            Temple (1/1) D:5             Orc (2/2) D:10
    Elf (1/3) Orc:2
   Lair: D:8-11

Altars:
Ashenzari
Cheibriados
Elyvilon
Fedhas
Gozag
Hepliaklqana
Kikubaaqudgha
Makhleb
Nemelex Xobeh
Okawaru
Qazlal
Ru
Sif Muna
Trog
Uskayaw
Vehumet
Xom
Zin
The Shining One

Shops:
D:9 =   Orc:2 ?

Annotations:
D:4 amavritansky's ghost, amateur HOFi


Innate Abilities, Weirdness & Mutations

You are very small and have problems with some larger weapons.
You are too small for most types of armour.
You have supernaturally acute eyesight. (SInv)
You are a herbivore.
You cover ground extremely quickly.
You need consume almost no food.


Message History

The redback completely misses you.
The searing ray hits the redback.
The redback is almost dead.
The redback barely misses you.
The tarantella bites you but does no damage.
The redback barely misses you.
The searing ray misses the redback.
The redback completely misses you. The tarantella completely misses you.
The redback completely misses you. The redback misses you.
The tarantella barely misses you.
The searing ray hits the redback.
You kill the redback!
The redback's corpse disappears in a puff of smoke!
You finish channeling your searing ray.
The redback misses you. The tarantella bites you!
* * * LOW HITPOINT WARNING * * *
The redback misses you. The tarantella completely misses you.
The deep elf mage mumbles some strange words.
The redback bites you!
You die...

.# #.# .# #.# ..
#.## .# ##.## '#+#
#...## .#e#
#.##.## ####
######.###.####..#
.......# ##+#..s.#
......#####....s@#
......# #....3...#
......#####s.....#
.......###s##....#
######.##e#####..#
.#.# #...## ####
+#+# ##.## ##s##
##.##


You could see a demonic crawler, a sun demon, a deep elf mage, a tarantella and
2 redbacks.

Vanquished Creatures
  An ettin (Orc:1)
  Erica (D:8)
  3 two-headed ogres
  Pikel (D:8)
  A deep elf mage (D:9)
  Joseph (D:9)
  Maurice (D:8)
  A hornet (D:10)
  A troll (D:10)
  Prince Ribbit (D:5)
  A slave (D:8)
  A vampire (D:9)
  A steam dragon (D:7)
  Edmund (D:6)
  Menkaure (D:4)
  A warg (Orc:1)
  A water moccasin (D:9)
  A sky beast (D:9)
  7 orc warriors
  2 black bears
  4 ogres
  A phantom (D:8)
  2 big kobolds (Sewer)
  8 bullfrogs
  3 scorpions
  4 killer bees (D:8)
  3 wights (D:8)
  2 howler monkeys (D:9)
  4 crimson imps
  9 hounds
  8 orc priests
  5 jellies
  A bullfrog skeleton (D:8)
  3 iguanas
  11 orc wizards
  7 worker ants
  A hound zombie (D:5)
  2 worker ant zombies (D:7)
  18 adders
  7 gnolls
  6 river rats (Sewer)
  A shadow imp (D:6)
  An ooze (D:3)
  An adder skeleton (D:7)
  4 worms
  A dart slug (D:2)
  8 leopard geckos
  47 orcs
  6 ball pythons
  10 giant cockroaches
  5 goblins (D:1)
  3 hobgoblins
  4 jackals (D:9)
  2 quokkas
  10 bats
  6 frilled lizards
  2 jackal skeletons
  19 kobolds
  24 rats
292 creatures vanquished.

Vanquished Creatures (others)
  A komodo dragon (D:8)
  2 slaves (D:8)
  An orc wizard (D:5)
  14 plants (D:8)
18 creatures vanquished.

Grand Total: 310 creatures vanquished

Notes
Turn   | Place    | Note
-------+----------+-------------------------------------------
     0 | D:1      | zjeagb the Spriggan Conjurer began the quest for the Orb.
     0 | D:1      | Reached XP level 1. HP: 9/9 MP: 5/5
   785 | D:1      | Reached XP level 2. HP: 13/13 MP: 3/6
  1424 | D:2      | Found a shimmering altar of Xom.
  2027 | D:2      | Reached XP level 3. HP: 6/16 MP: 5/8
  2359 | D:2      | Learned a level 2 spell: Searing Ray
  2911 | D:3      | Found a bloodstained altar of Trog.
  3081 | D:3      | Reached XP level 4. HP: 21/21 MP: 5/9
  3314 | D:3      | Reached skill level 3 in Spellcasting
  4223 | D:4      | Reached skill level 1 in Short Blades
  4223 | D:4      | Reached XP level 5. HP: 9/24 MP: 1/11
  4443 | D:4      | Reached skill level 1 in Evocations
  4512 | D:4      | Reached skill level 4 in Spellcasting
  4613 | D:4      | Noticed amavritansky's ghost (amateur HOFi)
  5159 | D:4      | Noticed Menkaure
  5172 | D:4      | Killed Menkaure
  5172 | D:4      | Reached XP level 6. HP: 26/28 MP: 6/14
  5429 | D:5      | Entered Level 5 of the Dungeon
  5458 | D:5      | Reached skill level 5 in Spellcasting
  5627 | D:5      | Found a staircase to the Ecumenical Temple.
  5669 | D:5      | Reached XP level 7. HP: 28/32 MP: 1/15
  5820 | D:5      | Found a glowing drain.
  5829 | Sewer    | Entered a sewer
  5920 | Sewer    | Reached skill level 5 in Dodging
  6907 | Temple   | Entered the Ecumenical Temple
  7279 | Temple   | Became a worshipper of Sif Muna the Loreminder
  7311 | D:5      | Learned a level 3 spell: Dazzling Spray
  7316 | D:5      | Learned a level 4 spell: Iskenderun's Mystic Blast
  7427 | D:5      | Noticed Prince Ribbit
  7452 | D:5      | Killed Prince Ribbit
  7452 | D:5      | Reached skill level 6 in Spellcasting
  7452 | D:5      | Reached skill level 5 in Conjurations
  7452 | D:5      | Reached XP level 8. HP: 37/37 MP: 7/18
  7522 | D:5      | You fall through a shaft for 3 floors!
  7565 | D:8      | Noticed Maurice
  7581 | D:7      | Found a hazy altar of Hepliaklqana.
  7816 | D:7      | Reached skill level 7 in Spellcasting
  8793 | D:6      | Reached * piety under Sif Muna
  9043 | D:6      | Noticed Edmund
  9067 | D:6      | Killed Edmund
  9067 | D:6      | Reached skill level 8 in Spellcasting
  9169 | D:6      | Reached skill level 1 in Fighting
  9542 | D:7      | Reached XP level 9. HP: 41/41 MP: 18/22
  9984 | D:8      | Killed Maurice
  9984 | D:8      | Reached ** piety under Sif Muna
  9984 | D:8      | Reached skill level 9 in Spellcasting
 10027 | D:8      | Reached skill level 5 in Stealth
 10413 | D:8      | Noticed Pikel
 10445 | D:8      | Killed Pikel
 10445 | D:8      | Reached skill level 5 in Short Blades
 10445 | D:8      | Reached skill level 10 in Spellcasting
 10557 | D:8      | Noticed a two-headed ogre
 10578 | D:8      | Killed a two-headed ogre
 10578 | D:8      | Reached XP level 10. HP: 45/45 MP: 15/25
 10617 | D:8      | Noticed Erica
 10932 | D:8      | Killed Erica
 10932 | D:8      | Reached *** piety under Sif Muna
 11181 | D:8      | Reached skill level 11 in Spellcasting
 11358 | D:9      | Found Goggicar's Jewellery Emporium.
 11538 | D:9      | Bought the ring "Ukloik" {*Corrode rF+ Int+3 SInv} for 326 gold pieces
 11631 | D:9      | Found an opulent altar of Gozag.
 11666 | D:9      | Noticed a two-headed ogre
 11693 | D:9      | Killed a two-headed ogre
 12335 | D:9      | Reached skill level 1 in Long Blades
 12341 | D:9      | Noticed Joseph
 12546 | D:9      | Reached **** piety under Sif Muna
 12788 | D:9      | Killed Joseph
 12788 | D:9      | Reached skill level 12 in Spellcasting
 13197 | D:9      | Noticed a deep elf mage
 13230 | D:9      | Killed a deep elf mage
 13241 | D:9      | Reached XP level 11. HP: 27/50 MP: 1/28
 13473 | D:9      | Found a sacrificial altar of Ru.
 13752 | D:10     | Entered Level 10 of the Dungeon
 14295 | D:10     | Found a staircase to the Orcish Mines.
 14627 | D:10     | Noticed a two-headed ogre
 14662 | D:10     | Noticed Sonja
 14669 | D:10     | Killed a two-headed ogre
 14747 | D:10     | Noticed Sonja
 14747 | D:10     | Sonja changed into Sonja the hornet
 14781 | D:10     | Killed Sonja the hornet
 15211 | Orc:1    | Entered Level 1 of the Orcish Mines
 16029 | Orc:1    | Noticed an ettin
 16067 | Orc:1    | Killed an ettin
 16136 | Orc:2    | Entered Level 2 of the Orcish Mines
 16195 | Orc:2    | Reached ***** piety under Sif Muna
 16202 | Orc:2    | Found a staircase to the Elven Halls.
 16213 | Orc:2    | Found Lamux's Magic Scroll Boutique.
 16241 | Elf:1    | Entered Level 1 of the Elven Halls
 16241 | Elf:1    | Noticed a deep elf mage
 16241 | Elf:1    | Noticed a deep elf mage
 16247 | Elf:1    | Noticed a deep elf mage
 16248 | Elf:1    | Noticed a deep elf mage
 16250 | Elf:1    | Noticed a deep elf mage
 16417 | Elf:1    | Noticed a deep elf mage
 16417 | Elf:1    | Noticed a deep elf mage
 16429 | Elf:1    | Noticed a sun demon
 16446 | Elf:1    | Mangled by a redback

Skill      XL: |  1  2  3  4  5  6  7  8  9 10 11 |
---------------+----------------------------------+-----
Conjurations   | 3 4 5 6 8 |  8.5
Spellcasting   | 3 4 5 6 8 10 12 | 12.7
Dodging        | 4 5 7 8 9 |  9.7
Short Blades   | 1 2 3 4 5 |  5.9
Evocations     | 1 2 3 |  3.0
Stealth        | 4 5 6 7 |  7.2
Fighting       | 1 |  1.7
Long Blades    | 1 |  1.8
Throwing       | |  0.4
Hexes          | |  0.5

Action                   |  1- 3 |  4- 6 |  7- 9 | 10-12 || total
-------------------------+-------+-------+-------+-------++-------
Melee: Dagger            |    77 |       |       |       ||    77
       Short sword       |       |    28 |       |    14 ||    42
       Rapier            |       |    17 |    76 |       ||    93
       Falchion          |       |       |       |    27 ||    27
Throw: Tomahawk          |     3 |       |       |       ||     3
 Cast: Magic Dart        |    92 |    61 |   178 |    89 ||   420
       Searing Ray       |     3 |    22 |    59 |    92 ||   176
       Iskenderun's Myst |       |       |     1 |    17 ||    18
       Dazzling Spray    |       |       |     3 |       ||     3
Invok: Divine Energy     |       |       |     1 |     2 ||     3
       Stop Divine Energ |       |       |     1 |     2 ||     3
Evoke: Wand              |     3 |     4 |     1 |     4 ||    12
  Use: Scroll            |     8 |     2 |     5 |     3 ||    18
       Potion            |     1 |     1 |     5 |     7 ||    14
  Eat: Bread ration      |       |     1 |     1 |     1 ||     3
Armor: Robe              |    13 |     4 |    16 |       ||    33
       Steam dragon scal |       |       |     3 |     8 ||    11
Dodge: Dodged            |   128 |    55 |   220 |   156 ||   559
       Rpst.: Falchion   |       |       |       |    19 ||    19
